 Dungeon Crawl Stone Soup version 0.31.0-32-g396128a36d (webtiles) character file.

Game seed: 226734493528411845

2249 PaiMei the Reanimator (level 9, -5/69 HPs)
             Began as a Demonspawn Necromancer on Apr 1, 2024.
             Slain by a vampire (14 damage)
             ... on level 7 of the Dungeon.
             The game lasted 00:11:40 (9214 turns).

PaiMei the Reanimator (Demonspawn Necromancer)      Turns: 9214, Time: 00:11:41

Health: -5/69      AC: 10    Str:  8    XL:     9   Next: 15%
Magic:  2/17       EV: 19    Int: 19    God:
Gold:   345        SH:  0    Dex: 13    Spells: 11/19 levels left

rFire   . . .        o - +4 quarterstaff (chaos)
rCold   + . .        (shield currently unavailable)
rNeg    + . .        j - +2 robe {rC+}
rPois   .            (no helmet)
rElec   .            a - +0 cloak
rCorr   .            l - +0 pair of gloves
SInv    .            C - +0 pair of boots
Will    .....        c - amulet of regeneration
Stlth   ++           k - ring of positive energy
HPRegen 1.11/turn    n - ring of wizardry
MPRegen 0.15/turn

%: wizardry (x1)
@: mighty, agile
A: icy blue scales 2, ignite blood 1, powered by pain 1, demonic touch 1, weak
1, subdued magic 1, inability to drink after injury 1
a: no special abilities


You were on level 7 of the Dungeon.
You visited 2 branches of the dungeon, and saw 8 of its levels.

You collected 345 gold pieces.

Inventory:

Hand Weapons
 o - a +4 quarterstaff of chaos (weapon)
 I - a +0 hand axe of electrocution
Missiles
 H - 3 poisoned darts
Armour
 a - a +0 cloak (worn)
 e - an orb of energy
 j - a +2 robe of cold resistance (worn)
 l - a +0 pair of gloves (worn)
 C - a +0 pair of boots (worn)
 F - the +0 pair of gloves of Shielding {-Tele Str+4 Dex+2 SInv}
   (You found it on level 5 of the Dungeon)

   Str+4:     It affects your strength (+4).
   Dex+2:     It affects your dexterity (+2).
   SInv:      It lets you see invisible.
   -Tele:     It prevents most forms of teleportation.
 G - a +2 ring mail of willpower
Jewellery
 c - an amulet of regeneration (around neck)
 k - a ring of positive energy (left hand)
 n - a ring of wizardry (right hand)
 y - a ring of wizardry
Wands
 s - a wand of light (11)
 A - a wand of charming (5)
Scrolls
 d - 6 scrolls of teleportation {unknown}
 f - 10 scrolls of identify {unknown}
 i - a scroll of amnesia {unknown}
 t - a scroll of brand weapon {unknown}
 u - a scroll of enchant weapon {unknown}
 v - a scroll of fear {unknown}
 w - a scroll of blinking {unknown}
 E - a scroll of torment {unknown}
Potions
 b - 3 potions of magic
 g - a potion of cancellation {unknown}
 h - a potion of might {unknown}
 m - a potion of curing {unknown}
 p - a potion of lignification {unknown}
 q - 2 potions of brilliance {unknown}
 r - a potion of enlightenment {unknown}
 x - a potion of resistance {unknown}
 z - a potion of attraction {unknown}
 B - a potion of haste {unknown}
 D - a potion of mutation
 J - a potion of degeneration {unknown}


   Skills:
 + Level 5.7 Fighting
 + Level 5.7 Dodging
 - Level 2.1 Stealth
 + Level 5.9 Spellcasting
 + Level 8.1 Necromancy


You had 11 spell levels left.
You knew the following spells:

 Your Spells              Type           Power      Damage    Failure   Level
a - Necrotise             Necr           100%       1d9       1%          1
b - Vampiric Draining     Necr           28%        2d8       1%          3
c - Animate Dead          Necr           28%        N/A       1%          4

Your spell library contained the following spells:

 Spells                   Type           Power      Damage    Failure   Level
 Fugue of the Fallen      Necr           28%        N/A       1%          3
 Curse of Agony           Necr           28%        N/A       3%          5
 Foxfire                  Conj/Fire      16%        2x1d4     4%          1
 Freeze                   Ice            16%        1d4       4%          1
 Ensorcelled Hibernation  Hex/Ice        8%         N/A       6%          2
 Anguish                  Hex/Necr       8%         N/A       8%          4
 Frozen Ramparts          Ice            8%         1d2       12%         3
 Hailstorm                Conj/Ice       4%         3d5       12%         3
 Olgreb's Toxic Radiance  Alch           4%         N/A       38%         4
 Plasma Beam              Fire/Air       2%         2x1d12    99%         6
 Starburst                Conj/Fire      2%         6d3       99%         6
 Ozocubu's Refrigeration  Ice            2%         4d7       100%        7
 Discord                  Hex            2%         N/A       100%        8


Dungeon Overview and Level Annotations

Branches:
Dungeon (7/15)             Temple (1/1) D:5

Altars:
Ashenzari
Cheibriados
Dithmenos
Fedhas
Gozag
Hepliaklqana
Nemelex Xobeh
Okawaru
Qazlal
Ru
Sif Muna
Trog
Uskayaw
Wu Jian
Xom
Yredelemnul

Shops:
D:4 [(

Annotations:
D:4 3 runed translucent doors, Grinder, Menkaure


Innate Abilities, Weirdness & Mutations

You are mostly covered in icy blue scales. (AC +3)
Your demonic aura sometimes causes spilled blood to erupt in flames.
You sometimes gain a little power by taking damage.
Your touch may inflict minor irresistible damage on your foes.
You are weak. (Str -2)
Your spells are a little easier to cast, but a little less powerful.
You occasionally lose the ability to drink potions when taking damage.


Message History

The vampire is lightly damaged.
The vampire hits you but does no damage.
The vampire bites you!
The vampire draws strength from your injuries!
You barely miss the vampire.
The vampire gestures at you while chanting.
You resist with some effort.
The vampire gestures wildly while chanting.
The vampire flickers and vanishes!
Deactivating autopickup; reactivate with Ctrl-A.
Items here: ( ) ††.
You hear some strange, mumbled words.
You are confused.
Things that are here:
a +0 dagger; an orc corpse You bump into the stone wall.
You bump into the rock wall.
Something hits you!! Something bites you!!
You focus on the pain.
You feel agile all of a sudden.
Something draws strength from your injuries!
You're too confused to move!
Something hits you.
* * * LOW HITPOINT WARNING * * *
Something bites you but does no damage.
Unknown command.
You are too confused!
Unknown command.
Unknown command.
Okay, then.
You are too confused!
Unknown command.
You are too confused!
Unknown command.
It was a potion of mutation.
You feel extremely strange.
You feel weaker.
Your connection to magic feels subdued.
You occasionally lose the ability to drink potions when taking damage.
You feel less confused. Something hits you!
* * * LOW HITPOINT WARNING * * *
Something bites you!
You die...

## ##.###.###.##
.. #...#...#...#
#. #.#...#.#.#
#.##.##.##...##
#.#...#(#.....#
#.#
#.#.#....)#.#.o..#
#.#
#.#.##.#)##.##..##
#.# #....#.#.#...#
..# #.#
#..#...#.)@#.. .#
#.#
##.##..##.###.# ?#
#.# #...#..##.# .#
# #.# #.#....##..
.# #.#
#######.##)#.###.#
# #.# ###
.........#.#.# .#
#. #.###..
.#.###.....#.# ..
###..###.##..#
#..........# ..
.:...........#
#.#####...###
###..##.###..#


There were no monsters in sight!

Vanquished Creatures
  A water moccasin (D:5)
  2 ice beasts
  A black bear (D:7)
  An orc warrior (D:7)
  A sky beast (D:6)
  3 ogres
  A centaur (D:6)
  A bullfrog (D:7)
  A scorpion (D:7)
  2 howler monkeys (D:6)
  2 electric eels (D:6)
  A bullfrog zombie (D:4)
  2 centaur zombies (D:4)
  3 gnoll boudas
  3 hounds
  2 orc priests
  Crazy Yiuf (D:2)
  A jelly (D:7)
  Jessica (D:2)
  3 iguanas
  Ijyb (D:5)
  Terence (D:2)
  3 orc wizards
  Natasha (twice) (D:4)
  13 gnolls
  10 adders
  3 adder zombies (D:4)
  4 dart slugs
  5 ribbon worms
  22 orcs
  12 endoplasms
  15 giant cockroaches
  6 goblins
  4 hobgoblins
  6 kobolds
  6 quokkas
  6 ball pythons
  4 bats
  2 frilled lizards
  A quokka zombie (D:4)
  5 rats
  A butterfly (D:5)
165 creatures vanquished.

Vanquished Creatures (collateral kills)
  A hound (D:5)
  An endoplasm (D:2)
2 creatures vanquished.

Vanquished Creatures (others)
  An endoplasm (D:4)
1 creature vanquished.

Grand Total: 168 creatures vanquished

Notes
Turn   | Place    | Note
-------+----------+-------------------------------------------
     0 | D:1      | PaiMei the Demonspawn Necromancer began the quest for the
                  | Orb.
     0 | D:1      | Reached XP level 1. HP: 13/13 MP: 3/3
   222 | D:1      | Found a faded altar of an unknown god.
   299 | D:1      | Gained mutation: Your demonic aura sometimes causes spilled
                  | blood to erupt in flames. [demonic ancestry]
   299 | D:1      | Reached XP level 2. HP: 19/19 MP: 1/5
  1286 | D:2      | Gained mutation: Your touch may inflict minor irresistible
                  | damage on your foes. [demonic ancestry]
  1286 | D:2      | Reached XP level 3. HP: 20/24 MP: 1/6
  1334 | D:2      | Noticed Terence
  1527 | D:2      | Noticed Jessica
  1530 | D:2      | HP: 1/25 [Jessica/nerve-wracking pain (14)]
  1533 | D:2      | Killed Jessica
  1534 | D:2      | Reached skill level 1 in Fighting
  1534 | D:2      | Reached XP level 4. HP: 3/32 MP: 1/7
  1616 | D:2      | Reached skill level 5 in Necromancy
  2410 | D:2      | Killed Terence
  2411 | D:2      | Gained mutation: You are partially covered in icy blue
                  | scales. (AC +2) [demonic ancestry]
  2411 | D:2      | Reached XP level 5. HP: 18/38 MP: 0/9
  2577 | D:2      | Found a runed translucent door.
  2578 | D:2      | Noticed Crazy Yiuf
  2778 | D:2      | Killed Crazy Yiuf
  3010 | D:2      | Learned a level 3 spell: Vampiric Draining
  3067 | D:3      | Learned a level 4 spell: Animate Dead
  3899 | D:4      | Noticed Natasha
  4247 | D:4      | Noticed an ogre
  4254 | D:4      | Killed an ogre
  4255 | D:4      | Reached XP level 6. HP: 28/46 MP: 1/11
  4357 | D:4      | Noticed Menkaure
  4476 | D:4      | Found Kemuojoa's Weapon Boutique.
  4650 | D:4      | Found a runed translucent gate.
  4650 | D:4      | Found a runed translucent gate.
  4650 | D:4      | Found a runed translucent gate.
  4659 | D:4      | Found an opulent altar of Gozag.
  4951 | D:4      | Reached skill level 6 in Necromancy
  5070 | D:4      | Noticed Grinder
  5093 | D:4      | Killed Natasha
  5107 | D:4      | Noticed Natasha
  5112 | D:4      | Killed Natasha
  5113 | D:4      | Gained mutation: You are mostly covered in icy blue scales.
                  | (AC +3) [demonic ancestry]
  5113 | D:4      | Reached XP level 7. HP: 51/52 MP: 8/12
  5146 | D:4      | Found Dishrebowk's Antique Armour Shop.
  5192 | D:4      | Found a stormy altar of Qazlal.
  5323 | D:4      | Found a shimmering blue altar of Sif Muna.
  5564 | D:5      | Entered Level 5 of the Dungeon
  6210 | D:5      | Identified the +0 pair of gloves of Shielding {-Tele Str+4
                  | Dex+2 SInv}
  6256 | D:5      | Gained mutation: You sometimes gain a little power by
                  | taking damage. [demonic ancestry]
  6256 | D:5      | Reached XP level 8. HP: 60/60 MP: 8/14
  6296 | D:5      | Noticed Ijyb
  6299 | D:5      | Killed Ijyb
  6412 | D:5      | Found a staircase to the Ecumenical Temple.
  6441 | Temple   | Entered the Ecumenical Temple
  6672 | D:5      | Reached skill level 7 in Necromancy
  7216 | D:6      | Reached skill level 5 in Spellcasting
  7268 | D:6      | Reached skill level 5 in Dodging
  7775 | D:6      | Reached skill level 5 in Fighting
  8065 | D:6      | Found a blossoming altar of Fedhas.
  8745 | D:7      | Found a shadowy altar of Dithmenos.
  8893 | D:7      | Found a shimmering altar of Xom.
  8893 | D:7      | Found a shimmering altar of Xom.
  8893 | D:7      | Found a shimmering altar of Xom.
  8893 | D:7      | Found a shimmering altar of Xom.
  8893 | D:7      | Found a shimmering altar of Xom.
  8893 | D:7      | Found a shimmering altar of Xom.
  8894 | D:7      | Found a shimmering altar of Xom.
  8914 | D:7      | Found a basalt altar of Yredelemnul.
  8915 | D:7      | Found a sparkling altar of Nemelex Xobeh.
  8933 | D:7      | Reached XP level 9. HP: 68/68 MP: 5/17
  9036 | D:7      | Reached skill level 8 in Necromancy
  9214 | D:7      | Gained mutation: You are weak. (Str -2) [potion of
                  | mutation]
  9214 | D:7      | Gained mutation: Your spells are a little easier to cast,
                  | but a little less powerful. [potion of mutation]
  9214 | D:7      | Gained mutation: You occasionally lose the ability to drink
                  | potions when taking damage. [potion of mutation]
  9214 | D:7      | Slain by a vampire

Illustrated notes

Levels and vault maps discovered:
D:1:      elethiomel_arrival_maze, layout_loops_corners,
          shapermc_ecumenical_altar_gd, minmay_misc_feat_enclosed
D:2:      layout_loops_corners, minmay_tetromino_i2, uniq_jessica,
          uniq_crazy_yiuf_cottage, uniq_terence
D:3:      minmay_roachtagon, layout_basic
D:4:      layout_loops_corners, elyvilon_altar_3, lemuel_blue_sif_altar,
          grunt_qazlal_clouds, serial_undead, serial_undead_b, serial_undead_a,
          serial_undead_e, serial_undead_c, ebering_ghost_gozag, serial_shops,
          nicolae_shop_window_shopping, kennysheep_small_square, uniq_grinder,
          uniq_menkaure, uniq_natasha
D:5:      layout_rooms, minmay_temple_entry_butterflies,
          corexii_mini_fake_secret_closet, uniq_ijyb
D:6:      layout_basic, fedhas_altar_4, serial_bayou_ford_a, corexii_shack
D:7:      layout_loops_ring, mainiacjoe_overflow_24_doors, xom_shifter_show,
          mainiacjoe_overflow_divided_tiny, kennysheep_flooded_box,
          nicolae_zig_zag_zippers
Temple:   nicolae_temple_two_arcs

Skill      XL: |  1  2  3  4  5  6  7  8  9 |
---------------+----------------------------+-----
Stealth        | 2 |  2.1
Dodging        | 2 3 4 5 |  5.7
Fighting       | 1 2 3 4 5 |  5.7
Necromancy     | 5 6 7 8 |  8.1
Spellcasting   | 3 4 5 |  5.9

Action                     |  1- 3 |  4- 6 |  7- 9 || total
---------------------------+-------+-------+-------++-------
  Melee: Dagger            |    12 |     6 |       ||    18
         Unarmed           |     2 |       |       ||     2
         Touch             |     1 |     1 |       ||     2
         Quarterstaff      |       |    41 |    55 ||    96
   Cast: Necrotise         |    47 |   142 |    97 ||   286
         Vampiric Draining |       |     2 |    64 ||    66
    Use: Potion            |       |       |     1 ||     1
 Armour: Robe              |    13 |    59 |   111 ||   183
  Dodge: Dodged            |     6 |    73 |    88 ||   167
